 Dungeon Crawl Stone Soup version 0.28.0-49-g6dfe1f597d (webtiles) character file.

Game seed: 15304141743869512814

1577 Gabide the Twirler (level 8, 0/58 HPs)
             Began as a Mummy Necromancer on May 19, 2022.
             Was an Initiate of Ashenzari.
             Slain by a wyvern zombie (6 damage)
             ... on level 6 of the Dungeon.
             The game lasted 00:21:54 (7621 turns).

Gabide the Twirler (Mummy Necromancer)              Turns: 7621, Time: 00:21:54

Health: 0/58       AC:  5    Str: 11    XL:     8   Next: 60%
Magic:  7/14       EV: 26    Int: 16    God:    Ashenzari [......]
Gold:   962        SH:  0    Dex: 13    Spells: 7/15 levels left

rFire   x . .      SeeInvis .   n - +1 morningstar
rCold   + . .      Faith    .   (no shield)
rNeg    + + +      Spirit   .   l - +0 ring mail
rPois   ∞          Reflect  .   (no helmet)
rElec   .          Harm     .   (no cloak)
rCorr   .          Rampage  .   (no gloves)
Will    +....                   (no boots)
Stlth   +.........              g - amulet of the Omniscient Planets {Acrobat, Comp, Fort} (curse)
HPRegen 0.19/turn               (no ring)
MPRegen 0.14/turn               (no ring)

@: about to teleport, acrobatic
A: cold resistance 1, negative energy resistance 3, torment resistance 2, heat
vulnerability 1, no potions
a: Renounce Religion, Curse Item, Shatter the Chains


You were on level 6 of the Dungeon.
You worshipped Ashenzari.
Ashenzari was noncommittal.
You visited 1 branch of the dungeon, and saw 6 of its levels.
You also visited: Sewer.

You collected 962 gold pieces.

Inventory:

Hand Weapons
 c - a +2 whip of pain
 h - a +0 antimagic short sword
 n - a +1 morningstar (weapon)
Armour
 j - a +1 leather armour
 l - a +0 ring mail (worn)
Magical Staves
 f - a staff of death
Jewellery
 g - the cursed amulet of the Omniscient Planets (around neck) {Acrobat, Comp, Fort}
   (You found it on level 2 of the Dungeon)

   [amulet of the acrobat]

   It increases your evasion while moving and waiting.
   It has a curse which improves the following skills: Companions: Summonings
   and Necromancy.
   Fortitude: Armour and Shields.
Wands
 b - a wand of paralysis (4)
 p - a wand of acid (8)
Scrolls
 a - a scroll of blinking
 e - a scroll of vulnerability
 i - a scroll of fog
 k - a scroll of identify
 m - a scroll of immolation
 o - a scroll of holy word


   Skills:
 - Level 3.0 Fighting
 + Level 7.2 Staves
 - Level 2.0(2.3) Armour
 - Level 3.0 Dodging
 - Level 1.5 Stealth
 - Level 4.1 Spellcasting
 - Level 4.7(5.2) Necromancy


You had 7 spell levels left.
You knew the following spells:

 Your Spells              Type           Power      Damage    Failure   Level
a - Pain                  Necr           76%        1d7       4%          1
b - Vampiric Draining     Necr           19%        2d7       14%         3
c - Animate Dead          Necr           9%         N/A       43%         4

Your spell library contained the following spells:

 Spells                   Type           Power      Damage    Failure   Level
 Animate Skeleton         Necr           38%        N/A       4%          1
 Corpse Rot               Necr/Air       22%        N/A       21%         2
 Foxfire                  Conj/Fire      12%        2x1d4     36%         1
 Sandblast                Erth           6%         2d5       36%         1
 Dispel Undead            Necr           19%        3d11      43%         4
 Passwall                 Tmut/Erth      2%         N/A       52%         2
 Conjure Flame            Conj/Fire      3%         6-21      75%         3
 Ignite Poison            Fire/Tmut/Pois 3%         N/A       75%         3
 Inner Flame              Hex/Fire       3%         N/A       75%         3
 Stone Arrow              Conj/Erth      6%         3d7       75%         3
 Agony                    Necr           19%        N/A       78%         5
 Flame Wave               Conj/Fire      3%         2d4       98%         4
 Sticky Flame             Conj/Fire      3%         2d3       98%         4
 Death Channel            Necr           9%         N/A       100%        6


Dungeon Overview and Level Annotations

Branches:
Dungeon (6/15)              Sewer (visited)
 Temple: D:4-7

Altars:
Ashenzari
Makhleb
Nemelex Xobeh
Qazlal
Trog

Shops:
D:1 *!


Innate Abilities, Weirdness & Mutations

You are immune to poison.
Your flesh is cold resistant. (rC+)
You are immune to negative energy. (rN+++)
You are immune to unholy pain and torment.
You are vulnerable to heat. (rF-)
You do not drink.


Message History

You barely miss the wyvern zombie.
The wyvern zombie bites you but does no damage.
The wyvern zombie barely misses you.
You hit the wyvern zombie but do no damage.
The wyvern zombie barely misses you.
You barely miss the wyvern zombie.
A wight comes into view. It is wielding a +2 falchion.
The wyvern zombie bites you!
You barely miss the wyvern zombie. The wyvern zombie misses you.
n - a +1 morningstar (weapon)
You puncture the wyvern zombie!
The wyvern zombie is moderately damaged.
The wyvern zombie bites you but does no damage.
The wyvern zombie closely misses you.
You hit the wyvern zombie.
The wyvern zombie is moderately damaged.
A wight comes into view. It is wielding a +5 short sword.
The wyvern zombie barely misses you.
You sock the wyvern zombie!
The wyvern zombie is severely damaged.
The wyvern zombie bites you but does no damage.
The wyvern zombie barely misses you.
You hit the wyvern zombie but do no damage.
The wyvern zombie is severely damaged.
The wyvern zombie closely misses you. x2
A wight comes into view. It is wielding a +0 mace.
You barely miss the wyvern zombie.
The wyvern zombie is severely damaged.
The wight hits you with a +2 falchion! The wyvern zombie bites you!
The wight hits you with a +2 falchion!
* * * LOW HITPOINT WARNING * * *
The wyvern zombie completely misses you.
The wyvern zombie misses you.
As you read the scroll of teleportation, it crumbles to dust.
You feel strangely unstable. The wyvern zombie barely misses you.
The wight barely misses you. The wyvern zombie bites you!
* * * LOW HITPOINT WARNING * * *
The wyvern zombie bites you.
You die...

..... #. .... #..
... #... .5.
#...######.#
#....@..##.# #
#.....Zz##†#.#.###
###....z.........#
#...............
#.....†z.......#
#..............#
#....##........#
#....##........#
#####....##.........


You could see 3 wights and a wyvern zombie.

Vanquished Creatures
  A wyvern (D:5)
  2 steam dragons (D:6)
  Edmund (D:4)
  A water moccasin (D:6)
  2 black bears (D:6)
  A sky beast (D:3)
  A centaur (D:6)
  An ogre (D:6)
  Blork the orc (D:5)
  2 scorpions
  2 jellies
  A howler monkey (D:6)
  A bullfrog skeleton (D:4)
  2 hounds (D:5)
  An iguana (D:5)
  2 adders
  4 river rats (Sewer)
  A white imp (D:6)
  An ufetubus (D:5)
  An adder zombie (D:5)
  An adder skeleton (D:4)
  2 worms
  A dart slug (D:4)
  5 orcs
  16 ball pythons
  2 bats (D:3)
  3 endoplasms
  2 giant cockroaches
  2 goblins
  4 hobgoblins
  4 quokkas
  4 frilled lizards
  19 kobolds
  30 rats
124 creatures vanquished.

Notes
Turn   | Place    | Note
-------+----------+-------------------------------------------
     0 | D:1      | Gabide the Mummy Necromancer began the quest for the Orb.
     0 | D:1      | Reached XP level 1. HP: 13/13 MP: 4/4
   540 | D:1      | Reached XP level 2. HP: 20/20 MP: 3/5
   589 | D:1      | Found Xyuppefi's General Store.
   626 | D:1      | Found a faded altar of an unknown god.
   668 | D:1      | Found Itzymurgh's Distillery.
   705 | D:1      | Reached skill level 1 in Fighting
  1230 | D:2      | Found a bloodstained altar of Trog.
  1846 | D:3      | Found a glowing drain.
  1851 | D:3      | Reached XP level 3. HP: 26/26 MP: 5/7
  1920 | Sewer    | Entered a sewer
  2307 | Sewer    | HP: 1/26 [river rat (9)]
  2691 | Sewer    | Reached XP level 4. HP: 33/33 MP: 6/9
  3208 | Sewer    | Noticed a kobold brigand
  3208 | Sewer    | Noticed a kobold brigand
  3543 | D:3      | Noticed a sky beast
  3577 | D:3      | Killed a sky beast
  3578 | D:3      | Reached XP level 5. HP: 29/40 MP: 0/10
  3853 | D:3      | Found a broken altar of Ashenzari.
  4350 | D:3      | Learned a level 3 spell: Vampiric Draining
  4355 | D:3      | Learned a level 4 spell: Animate Dead
  4357 | D:4      | Found the +8 trident of the Octopus King {venom, rElec
                  | rPois}
  4411 | D:3      | Became a worshipper of Ashenzari the Shackled
  4793 | D:4      | Reached XP level 6. HP: 47/47 MP: 1/12
  4914 | D:4      | Found a sparkling altar of Nemelex Xobeh.
  4973 | D:4      | Found a stormy altar of Qazlal.
  4973 | D:4      | Found a burning altar of Makhleb.
  5104 | D:4      | Noticed Edmund
  5111 | D:4      | Killed Edmund
  5112 | D:4      | Reached skill level 1 in Staves
  5112 | D:4      | Reached skill level 1 in Armour
  5259 | D:4      | Identified a scroll of acquirement
  5708 | D:5      | Entered Level 5 of the Dungeon
  5750 | D:5      | Reached skill level 2 in Staves
  5857 | D:5      | Reached XP level 7. HP: 52/52 MP: 4/13
  5992 | D:5      | Reached skill level 3 in Staves
  6025 | D:5      | Noticed a wyvern
  6035 | D:5      | Killed a wyvern
  6123 | D:5      | Reached skill level 4 in Staves
  6207 | D:5      | Acquired a book of Decay
  6333 | D:5      | Noticed Blork the orc
  6340 | D:5      | Killed Blork the orc
  6699 | D:6      | Noticed a steam dragon
  6758 | D:6      | Killed a steam dragon
  6759 | D:6      | Reached skill level 5 in Staves
  6766 | D:6      | Reached XP level 8. HP: 38/58 MP: 0/14
  7083 | D:5      | Acquired 738 gold pieces
  7214 | D:6      | Reached skill level 6 in Staves
  7497 | D:6      | Reached skill level 7 in Staves
  7621 | D:6      | Slain by a wyvern zombie

Illustrated notes

Levels and vault maps discovered:
D:1:      minmay_arrival_open_corners, layout_rooms, serial_shops,
          nicolae_shop_statue_plus, shop, shapermc_ecumenical_altar_totnotflames
D:2:      layout_rooms, basic_altar, serial_forest, infiniplex_forest_join,
          infiniplex_forest_clump_medium, infiniplex_forest_clump_tiny,
          infiniplex_forest_lined_corner, infiniplex_forest_clump_cross,
          infiniplex_forest_clump_double, infiniplex_forest_end_1
D:3:      layout_loops_corners, mainiacjoe_overflow_alcove_4,
          cheibrodos_sewer_entry_sluice, grunt_ministairs_13
D:4:      layout_basic, nemelex_dance_club_becter,
          gammafunk_temple_overflow_statue, chequers_jeans, uniq_edmund
D:5:      layout_basic, uniq_blork_the_orc
D:6:      layout_basic, st_stairs_4

Skill      XL: |  1  2  3  4  5  6  7  8 |
---------------+-------------------------+-----
Fighting       | 1 2 3 |  3.0
Spellcasting   | 3 4 |  4.1
Dodging        | 2 3 |  3.0
Staves         | 2 5 7 |  7.2
Armour         | 2 |  2.0
Stealth        | |  1.5
Necromancy     | |  4.7

Action                   |  1- 3 |  4- 6 |  7- 9 || total
-------------------------+-------+-------+-------++-------
Melee: Unarmed           |     5 |       |       ||     5
       Staff             |    16 |    40 |    50 ||   106
       Punch             |       |     2 |     1 ||     3
       Morningstar       |       |       |     5 ||     5
 Cast: Pain              |    82 |    87 |    37 ||   206
       Vampiric Draining |       |     6 |    27 ||    33
Invok: Curse Item        |       |       |     1 ||     1
Evoke: Wand              |       |       |     1 ||     1
  Use: Scroll            |     3 |     5 |     8 ||    16
 Stab: Paralysed         |       |       |     1 ||     1
Armor: Robe              |     1 |     1 |       ||     2
       Leather armour    |       |     8 |       ||     8
       Ring mail         |       |       |    25 ||    25
Dodge: Dodged            |    26 |    39 |    62 ||   127
